 Dungeon Crawl Stone Soup version 0.31-a0-826-ga5cc291a1b (webtiles) character file.

Game seed: 18031818286758431873

4 qw the Shooter (level 1, 0/12 HPs)
             Began as a Gargoyle Hunter on Sept 23, 2023.
             Frozen to death by an endoplasm (5 damage)
             ... on level 1 of the Dungeon.
             The game lasted 00:00:03 (184 turns).

qw the Shooter (Gargoyle Hunter)                     Turns: 184, Time: 00:00:03

Health: 0/12       AC:  5    Str: 14    XL:     1   Next: 60%
Magic:  1/1        EV:  8    Int:  9    God:
Gold:   3          SH:  0    Dex: 13    Spells: 0/0 levels left

rFire   . . .        a - +0 shortbow
rCold   . . .        (shield currently unavailable)
rNeg    + . .        c - +0 leather armour
rPois   inf          (no helmet)
rElec   +            (no cloak)
rCorr   .            (no gloves)
SInv    .            (no boots)
Will    .....        (no amulet)
Stlth   +            (no ring)
HPRegen 0.22/turn    (no ring)
MPRegen 0.07/turn

%: no passive effects
@: constricted
A: sickness immunity, AC +2, negative energy resistance 1, electricity
resistance, torment resistance 1, petrification resistance
a: no special abilities


You were on level 1 of the Dungeon.
You visited 1 branch of the dungeon, and saw 1 of its levels.

You collected 3 gold pieces.


Innate Abilities, Weirdness & Mutations

You are immune to sickness and miasma.
Your stone body is resilient. (AC +2)
You are immune to poison.
You resist negative energy. (rN+)
You are resistant to electric shocks. (rElec)
You are resistant to unholy torment.
You are immune to petrification.


   Skills:
 - Level 2.1 Fighting
 + Level 4.2 Ranged Weapons
 - Level 1.5 Dodging
 - Level 1.1 Stealth


You couldn't memorise any spells.
You didn't know any spells.
Your spell library was empty.

Inventory:

Hand Weapons
 a - a +0 shortbow (weapon)
Armour
 c - a +0 leather armour (worn)
Scrolls
 b - a scroll of butterflies
 d - a scroll of identify {unknown}
 e - a scroll of torment {unknown}
Potions
 f - a potion of curing {unknown}
 g - a potion of might {unknown}

Dungeon Overview and Level Annotations

Branches:
Dungeon (1/15)

Altars:


Message History

The goblin shouts!
The goblin is moderately wounded.
You shoot an arrow.
The arrow hits the goblin but does no damage.
The goblin is moderately wounded.
An endoplasm comes into view.
You shoot an arrow. The arrow closely misses the goblin.
A ball python comes into view.
You shoot an arrow. The ball python hisses angrily.
The arrow hits the goblin.
You kill the goblin!
A bat comes into view.
The bat moves out of view.
You shoot an arrow. The arrow barely misses the endoplasm.
You shoot an arrow.
The arrow barely misses the ball python.
You shoot an arrow. The arrow closely misses the bat.
The bat misses you. The ball python bites you.
The ball python barely misses you.
You shoot an arrow.
The arrow closely misses the ball python.
The arrow hits the endoplasm but does no damage.
The bat hits you but does no damage. The ball python closely misses you.
The ball python grabs you. The ball python constricts you.
You shoot an arrow.
The arrow barely misses the ball python.
The bat hits you but does no damage. x2; The ball python closely misses you.
The ball python constricts you. The endoplasm freezes you.
You are frozen.
The ball python bites you. The ball python constricts you.
You shoot an arrow.
The arrow hits the ball python but does no damage.
The bat barely misses you. The bat hits you but does no damage.
The endoplasm barely misses you.
The ball python bites you but does no damage.
The ball python constricts you. The bat barely misses you.
The endoplasm freezes you.
You are frozen.
You die...

#.#.#... #.#...##
#.##...# #.###..# # #.#
#...
..###############.###.##
#....................>..
....).Jb.############.##
......S@..# #.......
..........#######.###.##
...............##.# #.##
..................# #..#
##.....#.......#######..
#.#####......#......#..
#. #.......######... #
#.....##.........
#....#...........


You could see an endoplasm, a bat and a ball python.

Vanquished Creatures
  2 endoplasms (D:1)
  A ball python (D:1)
  A goblin (D:1)
4 creatures vanquished.

Notes
Turn   | Place    | Note
-------+----------+-------------------------------------------
     0 | D:1      | qw the Gargoyle Hunter began the quest for the Orb.
     0 | D:1      | Reached XP level 1. HP: 12/12 MP: 1/1
     0 | D:1      | 0 ||| qw: Version: 0.3-a-83-gcd0e7d8
     0 | D:1      | 0 ||| qw: Game counter: 1912
     0 | D:1      | 0 ||| qw: Melee chars always use a shield: true
     0 | D:1      | 0 ||| qw: God list: Okawaru
     0 | D:1      | 0 ||| qw: Allow faded altars: false
     0 | D:1      | 0 ||| qw: Do Orc after clearing Dungeon:15 true
     0 | D:1      | 0 ||| qw: Do second Lair branch before Depths: true
     0 | D:1      | 0 ||| qw: Lair rune preference: random
     0 | D:1      | 0 ||| qw: Goals: Normal
     0 | D:1      | 0 ||| PLANNING D:1-11
   184 | D:1      | Frozen to death by an endoplasm

Levels and vault maps discovered:
D:1:      dpeg_arrival_solitude, layout_basic

Action                     || total
---------------------------++-------
   Fire: Shortbow          ||    14
 Armour: Leather armour    ||     7
  Dodge: Dodged            ||     7

Table legend:
 A = Non-vault XP
 B = Vault XP
 C = Vault XP percentage of total XP
 D = Non-vault monster count
 E = Vault monster count
 F = Vault count percentage of total count
                 A         B        C        D         E       F
            +---------+---------+-------+---------+---------+-------
      Total |       6 |       0 |   0.0 |       4 |       0 |   0.0
            +---------+---------+-------+---------+---------+-------
        D:1 |       6 |       0 |   0.0 |       4 |       0 |   0.0
            +---------+---------+-------+---------+---------+-------
